Cogmind - Beta 15 @@@ ROGUE MODE // 2025.05.16 @ 02:57:14 Player: H0-R5E Result: Destroyed by D-53 Grenadier with Mini Grenade Launcher Performance ------------- Evolutions (1) 500 Regions Visited (3) 600 Robots Destroyed (60) 300 Value Destroyed (1297) 1297 Prototype IDs (5) 100 Alien Tech Used (0) 0 Bonus (27) 27 TOTAL SCORE: 2824 Bonus ------- High Alert Combat Kills 27 Cogmind --------- Core Integrity 0/400 Matter 189/300 Energy 15/100 System Corruption 3% Temperature Cool (0) Movement Core (150) Ox2 Location -9/Mines Parts ------- > --- POWER (1) -------- (None) > --- PROPULSION (3) --- (None) > --- UTILITY (3) ------ Small Storage Unit Utility Shielding Hacking Suite > --- WEAPON (2) ------- Beam Rifle > --- INVENTORY (8) ---- Heat Sink Improved Terrain Scanner Transport Network Coupler Improved Assault Rifle Peak State ------------ > --- POWER ------------ Cooled Ion Engine > --- PROPULSION ------- Hover Unit Improved Hover Unit Improved Hover Unit > --- UTILITY ---------- Small Storage Unit Shield Generator Hacking Suite > --- WEAPON ----------- Improved Assault Rifle Improved Assault Rifle > --- INVENTORY -------- Hover Unit Heat Sink Improved Terrain Scanner Transport Network Coupler Light Armor Plating Medium Laser Improved Assault Rifle Mini Grenade Launcher [Rating: 21] Favorites ----------- Power Light Ion Engine Engine Light Ion Engine Propulsion Wheel Wheel Wheel Hover Unit Hover Unit Utility Hacking Suite Device Shield Generator Storage Small Storage Unit Hackware Hacking Suite Protection Medium Armor Plating Weapon Improved Assault Rifle Energy Gun Medium Laser Energy Cannon Advanced Beam Cannon Ballistic Gun Improved Assault Rifle Launcher EMP Blaster Build | -11 -10 -9 -9 ------- Run | Yrd Mat Mat Min Slots Evolved 2 | . . 2 . Power . | . . . . Propulsion 1 | . . 1 . Utility 1 | . . 1 . Weapon . | . . . . Parts Attached 43 | 6 5 29 3 Power 7 | 1 1 5 . Engine 7 | 1 1 5 . Core . | . . . . Reactor . | . . . . Propulsion 15 | 2 2 11 . Treads . | . . . . Leg . | . . . . Wheel 11 | 2 2 7 . Hover 4 | . . 4 . Flight . | . . . . Utility 9 | 1 2 5 1 Device 2 | . . 2 . Storage 2 | 1 1 . . Processor . | . . . . Hackware 1 | . 1 . . Protection 4 | . . 3 1 Artifact . | . . . . Weapon 12 | 2 . 8 2 Energy Gun 4 | 2 . 1 1 Energy Cannon 1 | . . 1 . Ballistic Gun 3 | . . 2 1 Ballistic Cannon . | . . . . Launcher 4 | . . 4 . Special Weapon . | . . . . Impact Weapon . | . . . . Slashing Weapon . | . . . . Piercing Weapon . | . . . . Special Melee Weapon . | . . . . Unidentified Prototypes 3 | . . 3 . Parts Lost 15 | . 1 5 9 Power 4 | . 1 2 1 Propulsion 6 | . . 3 3 Utility 1 | . . . 1 Weapon 4 | . . . 4 Highest Loss Streak 9 | . 1 2 9 To Critical Strikes . | . . . . Average Backups 10 | 3 10 10 7 Power . | . . . . Propulsion 2 | 1 4 1 . Utility 3 | . 2 4 3 Weapon 3 | 1 2 3 4 Tool/Special . | . . . . Unused Backups 13 | . 2 9 2 Power 3 | . . 3 . Propulsion 2 | . 2 . . Utility 4 | . . 2 2 Weapon 4 | . . 4 . Tool/Special . | . . . . Average Slot Usage (%) 95 | . 99 94 88 Engine 11 | . 14 10 8 Wheel 20 | . 28 17 26 Hover 9 | . . 13 . Device 5 | . . 7 . Storage 11 | . 14 11 11 Hackware 11 | . 13 11 11 Protection 1 | . . . 11 Energy Gun 11 | . 28 6 . Ballistic Gun 7 | . . 9 19 Launcher 2 | . . 4 2 Peak Build Rating 21 | 7 10 21 17 Average Rating 14 | 4 9 16 15 On Entrance 8 | . 7 10 17 Naked Turns . | . . . . Heaviest Build 35 | 12 27 35 23 Greatest Support 36 | 20 20 36 30 Greatest Overweight (x) 2 | . 1 2 . Average Overweight (x) . | . . . . Largest Inventory Capacity 15 | 8 15 15 8 Average Capacity 11 | 7 13 11 8 Most Carried 15 | 8 14 15 8 Average Carried 10 | 3 10 10 7 Final Capacity 15 | 8 15 8 8 Final Carried 14 | 8 14 8 4 Class Distribution -------------------- 87% | Mutant 12% | Scavenger-Mutant Dominant Class ---------------- Mutant | -10/Materials Mutant | -9/Materials Scavenger-Mutant | -9/Mines Resources | -11 -10 -9 -9 ----------- Run | Yrd Mat Mat Min Matter Collected 1000 | 236 74 612 78 Remotely . | . . . . Salvage Created 2132 | 84 461 1442 145 Parts 137 | 6 29 102 . Haulers Intercepted 5 | . 1 4 . Recyclers Shooed 4 | . 1 3 . Parts Field Recycled . | . . . . Retrieved Matter . | . . . . Parts Self-Destructed . | . . . . Prevented . | . . . . Kills | -11 -10 -9 -9 ------- Run | Yrd Mat Mat Min Combat Hostiles Destroyed 45 | . 10 26 9 Guns 28 | . 9 14 5 AOE 17 | . 1 12 4 Classes Destroyed 13 | 2 6 4 1 Worker 8 | . 1 7 . Builder 2 | . . 2 . Tunneler 2 | 1 . 1 . Hauler 5 | . 1 4 . Recycler 1 | 1 . . . Mechanic 1 | . . 1 . Operator 1 | . 1 . . Watcher 4 | . 1 3 . Swarmer 9 | . 3 6 . Grunt 22 | . 7 15 . Brawler 1 | . . 1 . Sentry 4 | . . 4 . Assembled 9 | . . . 9 Best Kill Streak 9 | 2 5 5 9 Combat Bots Only 9 | . 4 5 9 Max Kills in Single Turn 3 | 1 3 3 3 Gunslinging 1 | . . 1 . Exploded 3 | . 1 3 3 Melee . | . . . . Uniques/NPCs Destroyed . | . . . . Combat | -11 -10 -9 -9 -------- Run | Yrd Mat Mat Min Hostile Shots Fired 154 | . 38 74 42 Missed 45 | . 12 28 5 Hits 109 | . 26 46 37 Melee 12 | . . . 12 Projectile 97 | . 26 46 25 AOE 5 | . . . 5 Part Disruptions 1 | . . . 1 Damage Taken 1836 | . 267 713 856 Core 510 | . 91 179 240 Absorbed by Shields 74 | . . 74 . Regen/Repaired (Parts) 14 | . . 14 . Core Remaining (%) 81 | 100 63 . . Volleys Fired 135 | 3 32 81 19 Largest 2 | 2 2 2 2 Hottest 118 | 90 90 118 46 Shots Fired 250 | 6 64 151 29 Gun 216 | 6 64 121 25 Cannon 14 | . . 14 . Launcher 20 | . . 16 4 Special . | . . . . Kinetic 96 | . . 71 25 Thermal 80 | 3 32 45 . Explosive 3 | . . 3 . Electromagnetic 71 | 3 32 32 4 Robot Hit Streak 18 | 4 18 15 7 Robot Miss Streak 6 | . 4 6 5 Penetration Max . | . . . . Secondary Targets 6 | . . 2 4 Max Gunslinging Chain 1 | . . 1 1 Shots Hit Robots 158 | 4 43 92 19 Core Hits 99 | 3 21 53 22 Critical Kills 2 | . . 1 1 Critical Parts Destroyed . | . . . . Critical Strikes 10 | . 3 6 1 Burn 7 | . 3 4 . Meltdown 1 | . . 1 . Destroy 1 | . . . 1 Corrupt 1 | . . 1 . Melee Attacks . | . . . . Impact . | . . . . Slashing . | . . . . Piercing . | . . . . Sneak Attacks . | . . . . Combat Hostiles . | . . . . Follow-up Attacks . | . . . . Damage Inflicted 3860 | 48 718 2372 722 Guns 2122 | 48 585 1193 296 Cannons 207 | . . 207 . Explosions 1531 | . 133 972 426 Melee . | . . . . Ramming . | . . . . Kinetic 1016 | . . 720 296 Thermal 1162 | 36 423 660 43 Explosive 479 | . . 479 . Electromagnetic 1203 | 12 295 513 383 Impact . | . . . . Slashing . | . . . . Piercing . | . . . . Highest Corruption 3 | . . . 3 Average Corruption 3 | . . . 3 Corruption Purged . | . . . . Corruption Blocked . | . . . . Effects 1 | . . . 1 Energy Discharges 1 | . . . 1 Overload Shots . | . . . . Overflow Damage 67 | . 26 38 3 Projectiles . | . . . . Explosions 67 | . 26 38 3 Melee . | . . . . Knockbacks . | . . . . Impact . | . . . . Kinetic . | . . . . Secondary . | . . . . Self-Inflicted Damage 326 | . . 262 64 Shots 11 | . . 8 3 Rammed . | . . . . Targets Rammed . | . . . . Kicked . | . . . . Crushed . | . . . . Highest Temperature 340 | 60 340 147 20 Average Temperature 79 | 28 121 41 9 Received Heat Transfer 357 | . 99 138 120 Effects 1 | . 1 . . Energy Bleed 1 | . 1 . . Siege Activations . | . . . . Martial Activations . | . . . . Shielding Activations . | . . . . Robots Disrupted . | . . . . Combat Hostiles . | . . . . Robots Corrupted . | . . . . Combat Hostiles . | . . . . Parts Fried . | . . . . Impact Corruptions . | . . . . Robots Melted 2 | . . 2 . Combat Hostiles . | . . . . Parts Melted 4 | . . 4 . Heat Transferred 3064 | 111 1173 1680 100 Parts Sabotaged . | . . . . Parts Stolen . | . . . . Parts Stripped . | . . . . Power Chain Reactions 8 | . . 7 1 Alert | -11 -10 -9 -9 ------- Run | Yrd Mat Mat Min Maximum Alert Level 2 | . 1 2 . Low Security (%) 52 | 100 97 26 100 Level 1 26 | . 2 41 . Level 2 20 | . . 32 . Level 3 . | . . . . Level 4 . | . . . . Level 5 . | . . . . High Security . | . . . . Max Security . | . . . . Peak Influence 424 | 5 207 424 155 Initial 155 | . 3 73 155 Average 217 | 1 108 283 122 Influence Increases 1280 | 10 334 930 6 Destroy 0b10 Robot/C 720 | . 200 520 . Destroy 0b10 Robot/NC 120 | 10 20 90 . Destroy Leader 178 | . 44 134 . Successful Hack 43 | . 21 22 . Select Force Hacks 30 | . . 30 . Disable Machine 75 | . 30 45 . Destroy Structure 84 | . 19 59 6 Lose Combat Pursuer 30 | . . 30 . Influence Decreases 1249 | 5 165 705 374 Entered New Map 347 | . 2 101 244 Time Decay 602 | 5 153 404 40 Lost Part 150 | . 10 50 90 Purge Threat 150 | . . 150 . Squads Dispatched 6 | . 3 3 . Investigation 4 | . 2 2 . Extermination . | . . . . Reinforcement 2 | . 1 1 . Assault . | . . . . Garrison . | . . . . Intercept . | . . . . Searches Triggered . | . . . . Construction Impeded . | . . . . Haulers Reinforced . | . . . . Active Scanning Responses . | . . . . Cargo Convoy Interrupts . | . . . . Stealth | -11 -10 -9 -9 --------- Run | Yrd Mat Mat Min Distress Signals 2 | . . 2 . Communications Jammed . | . . . . Distress Signals . | . . . . Times Spotted 75 | . 14 38 23 Peak Tracking Total 20 | . 4 6 20 Tactical Retreats 2 | . . 1 1 Traps | -11 -10 -9 -9 ------- Run | Yrd Mat Mat Min Traps Triggered . | . . . . Indirectly . | . . . . Trap Hack Attempts . | . . . . Triggered . | . . . . Disarmed . | . . . . Reprogrammed . | . . . . Reused . | . . . . Traps Extracted . | . . . . Installed . | . . . . Triggered . | . . . . Machines | -11 -10 -9 -9 ---------- Run | Yrd Mat Mat Min Machines Disabled 7 | . 2 5 . Max in Single Turn 2 | . 2 2 . Machines Repaired . | . . . . Machines Dismantled . | . . . . Machines Sabotaged . | . . . . Overloaded Fab Kills . | . . . . Hacking | -11 -10 -9 -9 --------- Run | Yrd Mat Mat Min Machines Accessed 19 | . 8 11 . Terminals 15 | . 7 8 . Fabricators . | . . . . Repair Stations 1 | . . 1 . Recycling Units 2 | . 1 1 . Scanalyzers 1 | . . 1 . Garrison Access . | . . . . Total Hacks 63 | . 28 35 . Successful 36 | . 14 22 . Failed 26 | . 13 13 . Catastrophic 2 | . 2 . . Database Lockouts 1 | . 1 . . Manual 43 | . 26 17 . Terminals 48 | . 24 24 . Fabricators . | . . . . Repair Stations 2 | . . 2 . Recycling Units 8 | . 4 4 . Scanalyzers 5 | . . 5 . Garrison Access . | . . . . Terminal Hacks 16 | . 7 9 . Robot Schematic 2 | . . 2 . Robot Analysis 4 | . 2 2 . Prototype ID Bank 1 | . 1 . . Branch Access Points 1 | . 1 . . Terminal Index 2 | . 1 1 . Unreport Threat 1 | . . 1 . Locate Traps 3 | . . 3 . Recall Investigation 1 | . 1 . . Recall Reinforcements 1 | . 1 . . Fabricator Hacks . | . . . . Repair Station Hacks 2 | . . 2 . Scan Component 1 | . . 1 . Repair 1 | . . 1 . Recycling Unit Hacks 2 | . 1 1 . Retrieve Components 2 | . 1 1 . Scanalyzer 4 | . . 4 . Insert Component 2 | . . 2 . Analyze 2 | . . 2 . Garrison Access Hacks . | . . . . Unauthorized Hacks 12 | . 6 6 . Terminals 7 | . 3 4 . Botnet 6 | . 3 3 . Disrupt 1 | . . 1 . Fabricators . | . . . . Repair Stations . | . . . . Recycling Units 4 | . 3 1 . Reject 2 | . 1 1 . Recyclers 1 | . 1 . . Mask 1 | . 1 . . Scanalyzers 1 | . . 1 . Extract 1 | . . 1 . Garrison Access . | . . . . Data Cores Recovered 1 | . 1 . . Used 1 | . 1 . . Hacking Detections 20 | . 9 11 . Full Trace Events 5 | . 3 2 . Feedback Events . | . . . . Feedback Blocked . | . . . . Robot Schematics Acquired 2 | . . 2 . Robots Built . | . . . . Authchips . | . . . . Time . | . . . . Total Robot Build Rating . | . . . . Part Schematics Acquired 3 | . . 3 . Parts Built . | . . . . Authchips . | . . . . Time . | . . . . Total Part Build Rating . | . . . . Parts Repaired 1 | . . 1 . Time 32 | . . 32 . Parts Recycled . | . . . . Recycled Matter . | . . . . Retrieved Matter . | . . . . Retrieved Components 18 | . 8 10 . Parts Scanalyzed 2 | . . 2 . Part Schematics Acquired 2 | . . 2 . Parts Damaged 1 | . . 1 . Bothacking | -11 -10 -9 -9 ------------ Run | Yrd Mat Mat Min Used RIF Installer . | . . . . Robots Hacked . | . . . . Non-combat . | . . . . Combat . | . . . . Robot Hacks Applied . | . . . . Relay Couplers Released . | . . . . Fabnet Peak Effective % . | . . . . Robots Rewired . | . . . . Allies Hacked . | . . . . Hacks Repelled . | . . . . Allies | -11 -10 -9 -9 -------- Run | Yrd Mat Mat Min Total Allies . | . . . . Largest Group . | . . . . Highest-Rated Group . | . . . . Highest-Rated Ally . | . . . . Total Orders . | . . . . Ally Attacks . | . . . . Total Damage . | . . . . Kills . | . . . . Allies Corrupted . | . . . . Allies Melted . | . . . . Intel | -11 -10 -9 -9 ------- Run | Yrd Mat Mat Min Active Infowar (turns) . | . . . . Robot Analysis Total 4 | . 2 2 . Derelict Logs Recovered 1 | . . . 1 Drone Launches . | . . . . Drone Recoveries . | . . . . Exploration | -11 -10 -9 -9 ------------- Run | Yrd Mat Mat Min Turns Passed 1524 | 59 394 973 98 Spaces Moved 1009 | 40 291 625 53 Core 2 | 2 . . . Treads . | . . . . Legs . | . . . . Wheels 766 | 38 291 384 53 Hover 241 | . . 241 . Flight . | . . . . Fastest Speed 50 | 50 80 52 80 Average Speed 90 | 78 91 90 80 Slowest Speed 116 | 80 95 116 80 Overloaded Moves . | . . . . Propulsion Burnouts . | . . . . Robots Hopped . | . . . . Potential Cave-ins . | . . . . Cave-ins Triggered . | . . . . Exploration Rate (%) 35 | 4 56 72 10 Regions Visited 3 Branch Regions 1 Pre-discovered Areas . | . . . . Known Exits Taken . | . . . . Unknown Exits Taken 3 | 1 1 1 . Scrap Searched . | . . . . Spaces Dug . | . . . . Terrain Destroyed 120 | . 22 92 6 Melee . | . . . . Projectile . | . . . . AOE 120 | . 22 92 6 Terrain Rammed . | . . . . Walls Destroyed . | . . . . Machines Disabled . | . . . . Actions | -11 -10 -9 -9 --------- Run | Yrd Mat Mat Min Total 1374 | 59 354 883 78 Wait 92 | 1 14 77 . Move 1006 | 39 290 624 53 Hop . | . . . . Pick Up 42 | 10 9 23 . Fast Attach 14 | 4 . 10 . Attach 14 | 2 2 6 4 Detach 3 | . . 3 . Swap 30 | . 3 25 2 Drop 38 | . 4 34 . Fire 135 | 3 32 81 19 Melee . | . . . . Ram . | . . . . Kick . | . . . . Crush . | . . . . Escape Stasis . | . . . . Rewire . | . . . . Trap . | . . . . Miscellaneous . | . . . . Route ------- -11/Scrapyard -10/Materials (discovered 4 exits: *Mat x2 / *Min x2) -9/Materials (discovered 2 exits: [*Mat] / [*Min]) -9/Mines History --------- Turn | Location | Event 21 | -11/Scrapyard | Discovered new exit (range 15) 60 | -11/Scrapyard | Entered Materials 165 | -10/Materials | Discovered new exit (range 11) 255 | -10/Materials | Discovered new exit (range 15) 261 | -10/Materials | Identified exit to Mines 305 | -10/Materials | Build established: Mutant 387 | -10/Materials | Central database locked down 405 | -10/Materials | Discovered new exit (range 16) 454 | -10/Materials | Entered another Materials area 454 | -9/Materials | Evolved 2 slots: Propulsion x1, Utility x1 972 | -9/Materials | Discovered new exit (range 15) 1095 | -9/Materials | Repaired Imp. Hover Unit 1107 | -9/Materials | Discovered new exit (range 8) 1427 | -9/Materials | Entered Mines 1461 | -9/Mines | Assembled infested the area 1468 | -9/Mines | Learned Materials interactive machine intel 1487 | -9/Mines | Core integrity fell below 50% 1505 | -9/Mines | Core integrity fell below 20% 1525 | -9/Mines | Destroyed by D-53 Grenadier with Mini Grenade Launcher Last Messages --------------- 01514_ System corrupted: Energy discharge (-25). 01514_ as-43828 destroyed. 01514_ Switching to secondary target: as-80508. 01515_ Wheel destroyed. 01516_ as-19794 IFF system glitched. 01516_ as-80508 destroyed. 01517_ as-37862 destroyed. 01517_ Switching to secondary target: as-19794. 01517_ as-80293 destroyed. 01517_ as-71285 destroyed. 01517_ as-46961 destroyed. 01517_ as-77092 destroyed. 01517_ as-99207 destroyed. 01517_ as-29288 destroyed. 01518_ Imp. Assault Rifle destroyed. 01519_ as-14810 destroyed. 01520_ as-22250 destroyed. 01520_ as-19794 destroyed. 01520_ Hvy. Assault Rifle destroyed. 01524_ EMP Blaster destroyed. Map ----- +----------------------------------------------------+ | | | ?????????????????????????????????????????????????? | | ?????????????????????????????????????????????????? | | ?????????????????????????????????????????????????? | | ?????????????????????????????????????????????????? | | ?????????????????????????????????????????????????? | | ???????####??????????????????????????????????????? | | ??????## ##?????????????????????????????????????? | | ??????# #####?????????????????????????????????? | | ####### #?????????????????????????????????? | | # # ## #?????????????????????????????????? | | # !!!! # ## #?????????????????????????????????? | | # !!! # ## ######????????????????????????????? | | # !!! ## # #????????????????????????????? | | # ! ! #### ###### #????????????????????????????? | | # #??####????# ####?????????????????????????? | | ########??????????# #?????????????????????????? | | ??????????????????#### #?????????????????????????? | | ?????????????????????# #?????????????????????????? | | ?????????????????????# #?????????????????????????? | | ?????????????????????# #???##????????????????????? | | ?????????????????????# ### ##???????????????????? | | ????????????????????## ##??????????????????? | | ????????????????????# #??????????????????? | | ????????????????????# ##??????????????????? | | ?????????????????????# @ #??????????????????? | | ?????????????????????# #??????????????????? | | ?????????????????????# #??????????????????? | | ?????????????????????# #??????????????????? | | ????????????????????# #??????????????????? | | ????????????????????## #??????????????????? | | ?????????????????????# #??????????????????? | | ?????????????????????# #??????????????????? | | ?????????????????????# < ??????????????????? | | ?????????????????????## dd ##?????????????????? | | ??????????????????????### ##??????????????????? | | ?????????????????????????## %???????????????????? | | ??????????????????????????? #???????????????????? | | ??????????????????????????? #???????????????????? | | ??????????????????????????? #???????????????????? | | ?????????????????????????????????????????????????? | | ?????????????????????????????????????????????????? | | ?????????????????????????????????????????????????? | | ?????????????????????????????????????????????????? | | ?????????????????????????????????????????????????? | | ?????????????????????????????????????????????????? | | ?????????????????????????????????????????????????? | | ?????????????????????????????????????????????????? | | ?????????????????????????????????????????????????? | | ?????????????????????????????????????????????????? | +----------------------------------------------------+ Best States ------------- Heat Dissipation 38 Energy Generation 14 Energy Capacity 280 Matter Stores 300 Matter Capacity 300 Sight Range 16 Terrain Scan Density 10 Armor Coverage 225 Utility Shielding 33 Evasion (%) 54 Offensive Hacking 10 Item Schematics ----------------- EMP Blaster | -9/Materials | Scanalyzed Transport Network Coupler | -9/Materials | Scanalyzed Imp. Aluminum Leg | -9/Materials | Extracted Robot Schematics ------------------ M-13 Machinist | -9/Materials | Hacked Y-45 Defender | -9/Materials | Hacked Fabricated ------------ Nothing Repaired ---------- Imp. Hover Unit | 60% | -9/Materials Alien Tech Used ----------------- None Achievements -------------- None Challenges ------------ None Game ------ Seed LegTargetDesublimator Manual? 0 Play Time 00:29:30 Cumulative 1158.4 hours Start 2025.05.16 @ 02:29:01 End 2025.05.16 @ 02:57:14 Sessions 1 Manual Loads 0 Difficulty Rogue Special Mode None Game No. 495 Rogue 495 Adventurer 0 Explorer 0 Win Type - Total 15 Types 13/0/1/1/0/0/0/0/0/0 Lore% 45 Gallery% 72 Achievement% 71 Wizard Run 0 Options --------- Layout 1 ASCII 0 Keyboard 1 Movement Numpad Keybinds 0 Fullscreen 1 Font 24/Proggy Map View 76x35 Zoom Use 0% Tactical HUD 1 Map Filters NONE Filters NONE Steam 1 RUN: 22384ddd-5ce1-4709-9c3b-ffeddb10171e